 Dungeon Crawl Stone Soup version 0.25.0-46-gbd7b0854d2 (webtiles) character file.

Game seed: 2136426806926491012

487 Descartes the Covert (level 6, -1/25 HPs)
             Began as a Felid Transmuter on July 12, 2020.
             Was a Follower of Elyvilon.
             Slain by a centaur (8 damage)
             ... on level 6 of the Dungeon.
             The game lasted 00:12:00 (8318 turns).

Descartes the Covert (Felid Transmuter)             Turns: 8318, Time: 00:12:01

Health: -1/25      AC:  2    Str:  8    XL:     6   Next: 89%
Magic:  10/10      EV: 20    Int: 14    God:    Elyvilon [*.....]
Gold:   209        SH:  5    Dex: 17    Spells: 6/9 levels left
                                        Lives:  0   Deaths: 2

rFire    . . .     SeeInvis +     - Unarmed
rCold    . . .     Gourm    .   (shield unavailable)
rNeg     . . .     Faith    .   (armour unavailable)
rPois    .         Spirit   .   (helmet unavailable)
rElec    .         Reflect  +   (cloak unavailable)
rCorr    .         Harm     .   (gloves unavailable)
MR       .....                  (boots unavailable)
Stlth    ++++......             f - amulet of reflection
HPRegen  0.08/turn              m - ring of attention (curse)
MPRegen  0.12/turn              (no ring)

@: quick
A: very small, no armour, no weapons or thrown items, stealth, claws 1, fangs 3,
see invisible, carnivore, speed 1, shaggy fur 2, slow metabolism 1, sharp paws
a: Lesser Healing, Divine Protection, Renounce Religion


You were on level 6 of the Dungeon.
You worshipped Elyvilon.
Elyvilon was aware of your devotion.
You were full.

You visited 2 branches of the dungeon, and saw 7 of its levels.

You collected 209 gold pieces.

Inventory:

Missiles
 a - 104 arrows
 h - 147 stones
Jewellery
 f - an amulet of reflection (around neck)
 i - an uncursed ring of fire
 m - a cursed ring of attention (left paw)
Wands
 b - a wand of polymorph (6)
 n - a wand of paralysis (9)
 r - a wand of digging (5)
 s - a wand of flame (17)
Scrolls
 d - 2 scrolls of teleportation
 e - 3 scrolls of identify
 k - a scroll of fear {unknown}
 o - a scroll of enchant weapon {unknown}
 p - 2 scrolls of immolation {unknown}
 q - a scroll of remove curse {unknown}
Potions
 j - a potion of lignification
Comestibles
 c - 12 rations


   Skills:
 - Level 1.0 Fighting
 + Level 4.6 Dodging
 * Level 9.7 Stealth
 + Level 5.6 Unarmed Combat
 - Level 2.0 Spellcasting
 + Level 2.5 Transmutations


You had 6 spell levels left.
You knew the following spells:

 Your Spells              Type           Power        Failure   Level  Hunger
a - Beastly Appendage     Tmut           #.....       9%          1    ##.....
b - Sticks to Snakes      Tmut           #.......     13%         2    ###....

Your spell library contained the following spells:

 Spells                   Type           Power        Failure   Level  Hunger
 Spider Form              Tmut/Pois      #.........   38%         3    ####...
 Ice Form                 Ice/Tmut       #.......     80%         4    #####..
 Blade Hands              Tmut           #.........   93%         5    ######.


Dungeon Overview and Level Annotations

Branches:
Dungeon (6/15)             Temple (1/1) D:4

Altars:
Ashenzari
Cheibriados
Dithmenos
Elyvilon
Fedhas
Gozag
Hepliaklqana
Kikubaaqudgha
Makhleb
Nemelex Xobeh
Okawaru
Qazlal
Ru
Sif Muna
Trog
Uskayaw
Vehumet
Wu Jian
Xom
Yredelemnul
Zin
The Shining One


Innate Abilities, Weirdness & Mutations

You cannot wear armour.
You are incapable of wielding weapons or throwing items.
Your paws allow you to move quietly. (Stealth)
You have sharp claws.
You have razor-sharp teeth.
You have supernaturally acute eyesight. (SInv)
You are carnivorous and can eat meat at any time.
You cover ground quickly.
You are covered in thick fur. (AC +2)
You have a slow metabolism.
Your sharp claws are effective at attacking unaware monsters.


Message History

You are too injured to fight recklessly!
Unknown command.
The centaur unwields a +0 shortbow.
The centaur barely misses you.
You barely miss the centaur. You block the worker ant's attack.
The centaur completely misses you. The worker ant misses you.
You scratch the centaur.
The centaur is lightly wounded.
The centaur completely misses you. The worker ant misses you.
You scratch the centaur but do no damage.
The centaur is lightly wounded.
The centaur completely misses you. You block the worker ant's attack.
The centaur hits you.
* * * LOW HITPOINT WARNING * * *
You scratch the centaur.
The centaur is lightly wounded.
The centaur misses you. The worker ant completely misses you.
You scratch the centaur.
The centaur is moderately wounded.
The centaur hits you!
You die...

..# ....# . ....#
..###+###+#....#
...............#
...............#
.......(.......#
.......(.........
........@........
.......a.c.......
.................
#.....###########
#..... #.....
#..... ...


You could see a centaur and a worker ant.

Vanquished Creatures
  A phantom (D:5)
  2 ogres
  2 centaurs (D:5)
  A scorpion (D:5)
  A howler monkey (D:4)
  2 hounds (D:4)
  An orc priest (D:5)
  A jelly (D:5)
  A bullfrog skeleton (D:5)
  A worker ant (D:4)
  3 orc wizards
  A hound skeleton (D:5)
  5 adders
  2 oozes
  2 adder skeletons (D:4)
  2 worms
  A dart slug (D:3)
  A leopard gecko (D:4)
  14 orcs
  5 bats
  3 giant cockroaches
  6 goblins
  11 hobgoblins
  6 jackals
  6 kobolds
  2 quokkas (D:4)
  2 ball pythons
  6 frilled lizards
  3 rats
94 creatures vanquished.

Notes
Turn   | Place    | Note
-------+----------+-------------------------------------------
     0 | D:1      | Descartes the Felid Transmuter began the quest for the Orb.
     0 | D:1      | Reached XP level 1. HP: 9/9 MP: 4/4
    49 | D:1      | Reached skill level 1 in Stealth
    68 | D:1      | Reached skill level 2 in Stealth
    90 | D:1      | Reached XP level 2. HP: 12/12 MP: 6/6
   435 | D:1      | Reached skill level 3 in Stealth
   676 | D:2      | Reached XP level 3. HP: 15/15 MP: 7/7
  1260 | D:2      | Noticed an ogre
  1274 | D:2      | Killed an ogre
  1274 | D:2      | Reached skill level 5 in Stealth
  1274 | D:2      | Reached XP level 4. HP: 19/19 MP: 8/8
  1521 | D:2      | Reached XP level 5. HP: 22/22 MP: 9/9
  2169 | D:3      | Found a shadowy altar of Dithmenos.
  2179 | D:3      | Reached skill level 6 in Stealth
  2647 | D:3      | Found a shattered altar of Ashenzari.
  2842 | D:3      | HP: 1/22 [orc wizard/magic dart (7)]
  2843 | D:3      | Slain by an orc wizard
  2844 | D:3      | Reached XP level 4. HP: 0/19 MP: 8/8
  3401 | D:4      | Found a staircase to the Ecumenical Temple.
  3632 | D:4      | Reached XP level 5. HP: 16/22 MP: 9/9
  3962 | D:4      | Noticed an ogre
  3977 | D:4      | Killed an ogre
  3977 | D:4      | Reached skill level 7 in Stealth
  3999 | D:4      | Gained mutation: You are covered in thick fur. (AC +2)
                  | [Felid growth]
  3999 | D:4      | Reached XP level 6. HP: 4/25 MP: 10/10
  4771 | Temple   | Entered the Ecumenical Temple
  4995 | Temple   | Became a worshipper of Elyvilon the Healer
  5063 | D:4      | Reached skill level 8 in Stealth
  5063 | D:4      | Reached skill level 5 in Unarmed Combat
  5173 | D:4      | Found an opulent altar of Gozag.
  5198 | D:4      | Found a shimmering altar of Xom.
  5271 | D:5      | Entered Level 5 of the Dungeon
  5622 | D:5      | Reached * piety under Elyvilon
  5682 | D:5      | Reached XP level 7. HP: 21/28 MP: 11/11
  5840 | D:5      | Reached skill level 9 in Stealth
  6460 | D:5      | Learned a level 2 spell: Sticks to Snakes
  6966 | D:4      | Slain by an orc
  6967 | D:4      | Reached XP level 6. HP: 0/25 MP: 10/10
  7297 | D:4      | Found a staircase to the Ecumenical Temple.
  7454 | D:4      | Found an opulent altar of Gozag.
  7497 | D:4      | Found a shimmering altar of Xom.
  8318 | D:6      | Slain by a centaur

Illustrated notes

Levels and vault maps discovered:
D:1:      eino_arrival_tree_alley, layout_rooms
D:2:      layout_basic, serial_glass, glass_columns_b, glass_columns_b,
          due_unseen_surprise, feat_on_display, minmay_strange_pillars,
          item_on_display_a, first_ration
D:3:      layout_basic, cheibrodos_ashenzari_chains,
          nicolae_dithmenos_shadow_blocks
D:4:      layout_rooms, lemuel_doored_altar, nicolae_overflow_hidden_temple,
          temple_pool_b
D:5:      layout_basic
D:6:      layout_gridville
Temple:   dpeg_five_rooms_temple

Skill      XL: |  1  2  3  4  5  6  7 |
---------------+----------------------+-----
Stealth        | 2 3 5 7 8 9 |  9.7
Unarmed Combat | 4 5 |  5.6
Dodging        | 3 4 |  4.6
Fighting       | |  1.0
Spellcasting   | |  2.0
Transmutations | |  2.5

Action                   |  1- 3 |  4- 6 |  7- 9 || total
-------------------------+-------+-------+-------++-------
Melee: Unarmed           |    91 |   232 |    42 ||   365
       Bite              |     4 |    27 |     6 ||    37
       Punch             |     1 |    10 |       ||    11
  Use: Scroll            |       |     7 |       ||     7
       Potion            |       |     2 |     2 ||     4
 Stab: Sleeping          |     4 |    18 |     4 ||    26
       Distracted        |       |     2 |       ||     2
  Eat: Chunk             |     7 |    18 |     3 ||    28
Armor: Skin              |     6 |     7 |     3 ||    16
Dodge: Dodged            |    75 |   153 |    18 ||   246
Block: Other             |       |    21 |    11 ||    32
